 Dungeon Crawl Stone Soup version 0.28.0 (webtiles) character file.

Game seed: 14590502756843844388

61 Ajdolov the Digger (level 4, -8/27 HPs)
             Began as an Octopode Earth Elementalist on Feb 12, 2022.
             Mangled by a gnoll (14 damage)
             ... on level 2 of the Dungeon.
             The game lasted 00:02:12 (1595 turns).

Ajdolov the Digger (Octopode Earth Elementalist)    Turns: 1595, Time: 00:02:12

Health: -8/27      AC:  1    Str:  7    XL:     4   Next: 7%
Magic:  3/7        EV: 13    Int: 19    God:
Gold:   14         SH:  0    Dex: 12    Spells: 3/7 levels left

rFire   . . .      SeeInvis .   j - +1 dagger (elec)
rCold   . . .      Faith    .   (no shield)
rNeg    . . .      Spirit   .   (helmet restricted)
rPois   .          Reflect  .   (no amulet)
rElec   .          Harm     .   (no ring)
rCorr   .          Rampage  .   (no ring)
Will    .....                   (no ring)
Stlth   +++.......              (no ring)
HPRegen 0.09/turn               (no ring)
MPRegen 0.10/turn               (no ring)
                                (no ring)
                                (no ring)

@: no status effects
A: almost no armour, amphibious, 8 rings, camouflage 1, gelatinous body 1,
(nimble swimmer 1), tentacles
a: no special abilities


You were on level 2 of the Dungeon.
You visited 1 branch of the dungeon, and saw 2 of its levels.

You collected 14 gold pieces.

Inventory:

Hand Weapons
 j - a +1 dagger of electrocution (weapon)
Missiles
 a - 5 atropa-tipped darts
 b - 41 stones
 d - 5 curare-tipped darts
Jewellery
 l - an amulet of faith
Scrolls
 g - a scroll of identify {unknown}
 h - a scroll of teleportation {unknown}
 k - a scroll of holy word {unknown}
 m - a scroll of summoning {unknown}
Potions
 c - a potion of might {unknown}
 e - a potion of invisibility {unknown}
 f - 2 potions of flight {unknown}
 i - a potion of haste {unknown}


   Skills:
 - Level 2.0 Dodging
 - Level 2.6 Stealth
 - Level 2.0 Spellcasting
 + Level 1.4 Conjurations
 - Level 1.0 Transmutations
 + Level 4.4 Earth Magic


You had 3 spell levels left.
You knew the following spells:

 Your Spells              Type           Power      Damage    Failure   Level
a - Sandblast             Erth           36%        2d10      2%          1
b - Stone Arrow           Conj/Erth      26%        3d8       16%         3

Your spell library contained the following spells:

 Spells                   Type           Power      Damage    Failure   Level
 Passwall                 Tmut/Erth      10%        N/A       9%          2
 Shock                    Conj/Air       16%        1d4       13%         1
 Swiftness                Air            1%         N/A       45%         3
 Petrify                  Tmut/Erth      12%        N/A       47%         4
 Airstrike                Air            0%         N/A       86%         4


Dungeon Overview and Level Annotations

Branches:
Dungeon (2/15)

Altars:
Gozag


Innate Abilities, Weirdness & Mutations

You cannot wear most types of armour.
You are amphibious.
You can wear up to eight rings at the same time.
Your skin changes colour to match your surroundings (Stealth+).
Your rubbery body absorbs attacks. (AC +1, EV +1)
((You are camouflaged when in or above water. (Stealth+)))
You have tentacles for arms and can constrict up to eight enemies at once.


Message History

The blast of sand hits the gnoll.
You kill the gnoll!
Your Conjurations skill increases to level 1!
Aiming: Sandblast (safe; 2% risk of failure)
Press: ? - help, Q - select action, (/) - cycle Shift-Dir - straight line, f - gnoll
Aim: a gnoll, wielding a +0 vampiric spear (82% to hit)
The blast of sand hits the gnoll.
The gnoll is lightly wounded.
Unknown command.
The gnoll misses you.
Aiming: Sandblast (safe; 2% risk of failure)
Press: ? - help, Q - select action, (/) - cycle Shift-Dir - straight line, f/p - gnoll
Aim: a gnoll, wielding a +0 vampiric spear (lightly wounded, 82% to hit)
The blast of sand hits the gnoll!
The gnoll is severely wounded.
The gnoll hits you from afar with a +0 vampiric spear!
Aiming: Sandblast (safe; 2% risk of failure)
Press: ? - help, Q - select action, (/) - cycle Shift-Dir - straight line, f/p - gnoll
Aim: a gnoll, wielding a +0 vampiric spear (severely wounded, 82% to hit)
The blast of sand hits the gnoll!
You kill the gnoll!
You have reached level 4!
You see here a +0 dagger.
You see here a bat corpse.
Aiming: Sandblast (safe; 2% risk of failure)
Press: ? - help, Q - select action, (/) - cycle Shift-Dir - straight line, f - gnoll
Aim: a gnoll, wielding a +0 halberd (82% to hit)
The blast of sand hits the gnoll.
The gnoll is lightly wounded.
The gnoll hits you from afar with a +0 halberd!
* * * LOW HITPOINT WARNING * * *
Aiming: Sandblast (safe; 2% risk of failure)
Press: ? - help, Q - select action, (/) - cycle Shift-Dir - straight line, f/p - gnoll
Aim: a gnoll, wielding a +0 halberd (lightly wounded, 82% to hit)
The blast of sand hits the gnoll.
The gnoll is moderately wounded.
Unknown command.
The gnoll hits you from afar with a +0 halberd!
Ouch! That really hurt!
You die...

#.#.## ##.......## ##.##.#
#.### ##.....## ######.#
#)#### ##...## #......#
.....########+## #.###..#
#.##.#........# #.#....#
#.##.#.#####..# #.#.#.##
.)...#.# #..## #.....#
#.##.#.#####...########.###
#.##.#.#......g.@..# #.#
.....#....##...###.####.#
#......†......## #......#
####.##...###.# ########
####.###### #.# .....# #.#
###### #.# #.# #.#


You could see a gnoll.

Vanquished Creatures
  2 gnolls (D:2)
  3 endoplasms
  A giant cockroach (D:1)
  2 goblins (D:1)
  5 hobgoblins
  3 jackals (D:2)
  7 kobolds
  A quokka (D:1)
  5 ball pythons
  7 bats
  2 frilled lizards (D:2)
38 creatures vanquished.

Notes
Turn   | Place    | Note
-------+----------+-------------------------------------------
     0 | D:1      | Ajdolov the Octopode Earth Elementalist began the quest for
                  | the Orb.
     0 | D:1      | Reached XP level 1. HP: 11/11 MP: 3/3
   392 | D:1      | Reached XP level 2. HP: 17/17 MP: 1/5
   903 | D:1      | Reached skill level 4 in Earth Magic
  1042 | D:1      | Found a faded altar of an unknown god.
  1119 | D:1      | Reached XP level 3. HP: 21/21 MP: 6/6
  1123 | D:1      | Learned a level 3 spell: Stone Arrow
  1286 | D:2      | Found an opulent altar of Gozag.
  1561 | D:2      | Reached skill level 1 in Conjurations
  1575 | D:2      | Reached XP level 4. HP: 16/27 MP: 2/7
  1595 | D:2      | Mangled by a gnoll

Illustrated notes

Levels and vault maps discovered:
D:1:      lemuel_arrival_tunnels, layout_basic,
          hellmonk_ecumenical_altar_prayer_group
D:2:      layout_loops_corners, basic_altar

Skill      XL: |  1  2  3 |
---------------+----------+-----
Earth Magic    | 4 |  4.4
Conjurations   | 1 |  1.4
Dodging        | |  2.0
Stealth        | |  2.6
Spellcasting   | |  2.0
Transmutations | |  1.0

Action                   |  1- 3 |  4- 6 || total
-------------------------+-------+-------++-------
Melee: Unarmed           |    13 |       ||    13
       Constrict         |    12 |       ||    12
       Tentacles         |     8 |       ||     8
       Dagger            |    35 |       ||    35
 Cast: Sandblast         |    18 |     2 ||    20
 Stab: Sleeping          |     8 |       ||     8
Armor: Skin              |    11 |       ||    11
Dodge: Dodged            |    49 |       ||    49
